SAAA
PORT ROYAL DISASTER @ ELLENBURG FIGHTING DACHSUNDS
07/10/2027
 
TOP OF THE 1ST
Port Royal Disaster batting - Pitching for Ellenburg Fighting Dachsunds : RHP Willie Cameron
Pitching: RHP Willie Cameron
Batting: RHB Aurelio García 0-0: Ball
1-0: Called Strike
1-1: Called Strike
1-2: Strikes out swinging
Batting: RHB Nelson Abbey 0-0: Ball
1-0: Foul Ball, location: 2F
1-1: Fly out, F8 (Flyball, 8LM)
Batting: LHB Davis Mills 0-0: Fly out, F4 (Popup, 3D)
Top of the 1st over - 0 run(s), 0 hit(s), 0 error(s), 0 left on base; Port Royal 0 - Ellenburg 0
BOTTOM OF THE 1ST
Ellenburg Fighting Dachsunds batting - Pitching for Port Royal Disaster : RHP Jim Unknown
Pitching: RHP Jim Unknown
Batting: LHB José Ortega 0-0: Ball
1-0: Ball
2-0: Ball
3-0: Called Strike
3-1: Foul Ball, location: 2F
3-2: Foul Ball, location: 2F
3-2: Foul Ball, location: 2F
3-2: Ground out U3 (Groundball, 3L)
Batting: RHB José Vázquez 0-0: Called Strike
0-1: Called Strike
0-2: Ball
1-2: Ball
2-2: SINGLE (Line Drive, 6MD)
Batting: RHB Harvey Spectre 0-0: Foul Ball, location: 2F
0-1: DOUBLE (Line Drive, 78M)
José Vázquez to third
Batting: RHB Preston Hernández 0-0: Ball
1-0: Fly out, F7 (Flyball, 7)
Throwing error, E7
José Vázquez scores
Harvey Spectre to third
Batting: RHB Francis Kelly 0-0: Ball
1-0: Ball
2-0: 2-RUN HOME RUN (Flyball, 7D), Distance : 377 ft
Batting: RHB Gonzalo Sánchez 0-0: Ball
1-0: Called Strike
1-1: Ground out 4-3 (Groundball, 4M)
Bottom of the 1st over - 3 run(s), 3 hit(s), 1 error(s), 0 left on base; Port Royal 0 - Ellenburg 3
TOP OF THE 2ND
Port Royal Disaster batting - Pitching for Ellenburg Fighting Dachsunds : RHP Willie Cameron
Batting: RHB José Carlos Pérez 0-0: Ball
1-0: Ball
2-0: DOUBLE (Flyball, 9D)
Batting: RHB Michael Riley 0-0: Ball
1-0: Ball
2-0: Ball
3-0: Base on Balls
Batting: RHB Brandon Cooper 0-0: Called Strike
0-1: Ball
1-1: Called Strike
1-2: Ball
2-2: Ball
3-2: Ground out U3 (Groundball, 3S)
José Carlos Pérez to third
Michael Riley to second
Batting: RHB David McJannett 0-0: Ball
1-0: Ball
2-0: Ball
3-0: Called Strike
3-1: Base on Balls
Batting: RHB Jesús Vargas 0-0: Swinging Strike
0-1: Foul Ball, location: 2F
0-2: Ball
1-2: Ball
2-2: Strikes out swinging
Batting: RHB Paul Smith 0-0: SINGLE (Groundball, 56D)
José Carlos Pérez scores
Michael Riley to third
David McJannett to second
Runner from 3rd tries for Home, SAFE, no throw
Batting: RHB Aurelio García 0-0: Called Strike
0-1: Ball
1-1: Ball
2-1: Ground out 1-3 (Groundball, 13S)
Top of the 2nd over - 2 run(s), 2 hit(s), 0 error(s), 2 left on base; Port Royal 2 - Ellenburg 3
BOTTOM OF THE 2ND
Ellenburg Fighting Dachsunds batting - Pitching for Port Royal Disaster : RHP Jim Unknown
Batting: LHB Locke Lamora 0-0: Called Strike
0-1: Ball
1-1: Fly out, F6 (Popup, 4MS)
Batting: RHB Meka Knight 0-0: Ball
1-0: Ground out 5-3 (Groundball, 56S)
Batting: RHB Ken Little 0-0: Ball
1-0: Called Strike
1-1: Ball
2-1: Foul Ball, location: 2F
2-2: Foul Ball, location: 2F
2-2: Foul Ball, location: 2F
2-2: Ball
3-2: SINGLE (Groundball, 34D)
Batting: LHB José Ortega 0-0: Called Strike
0-1: Foul Ball, location: 2F
0-2: Ball
1-2: Ball
2-2: Strikes out swinging
Bottom of the 2nd over - 0 run(s), 1 hit(s), 0 error(s), 1 left on base; Port Royal 2 - Ellenburg 3
TOP OF THE 3RD
Port Royal Disaster batting - Pitching for Ellenburg Fighting Dachsunds : RHP Willie Cameron
Batting: RHB Nelson Abbey 0-0: Ball
1-0: Called Strike
1-1: Ball
2-1: Foul Ball, location: 2F
2-2: Ball
3-2: Strikes out looking
Batting: LHB Davis Mills 0-0: Called Strike
0-1: Ball
1-1: Foul Ball, location: 2F
1-2: Fly out, F7 (Flyball, 78M)
Batting: RHB José Carlos Pérez 0-0: Foul Ball, location: 2F
0-1: Foul Ball, location: 2F
0-2: Strikes out swinging
Top of the 3rd over - 0 run(s), 0 hit(s), 0 error(s), 0 left on base; Port Royal 2 - Ellenburg 3
BOTTOM OF THE 3RD
Ellenburg Fighting Dachsunds batting - Pitching for Port Royal Disaster : RHP Jim Unknown
Batting: RHB José Vázquez 0-0: Foul Ball, location: 2F
0-1: Ball
1-1: Ball
2-1: Called Strike
2-2: Fly out, F9 (Flyball, 89M)
Batting: RHB Harvey Spectre 0-0: Ground out 4-3 (Groundball, 4)
Batting: RHB Preston Hernández 0-0: Ball
1-0: DOUBLE (Groundball, 5L)
Batting: RHB Francis Kelly 0-0: Called Strike
0-1: Swinging Strike
0-2: 2-RUN HOME RUN (Flyball, 7LD), Distance : 352 ft
Batting: RHB Gonzalo Sánchez 0-0: Called Strike
0-1: Called Strike
0-2: Ball
1-2: Ball
2-2: Ground out 4-3 (Groundball, 4)
Bottom of the 3rd over - 2 run(s), 2 hit(s), 0 error(s), 0 left on base; Port Royal 2 - Ellenburg 5
TOP OF THE 4TH
Port Royal Disaster batting - Pitching for Ellenburg Fighting Dachsunds : RHP Willie Cameron
Batting: RHB Michael Riley 0-0: Ball
1-0: Ball
2-0: Called Strike
2-1: Hit by Pitch
Batting: RHB Brandon Cooper 0-0: Called Strike
0-1: Foul Ball, location: 2F
0-2: Ball
1-2: Ball
2-2: Ball
3-2: Grounds into double play, 1-6-3 (Groundball, P)
Batting: RHB David McJannett 0-0: Ball
1-0: Ground out 6-3 (Groundball, 6S)
Top of the 4th over - 0 run(s), 0 hit(s), 0 error(s), 0 left on base; Port Royal 2 - Ellenburg 5
BOTTOM OF THE 4TH
Ellenburg Fighting Dachsunds batting - Pitching for Port Royal Disaster : RHP Jim Unknown
Batting: LHB Locke Lamora 0-0: Ball
1-0: Ball
2-0: Swinging Strike
2-1: Called Strike
2-2: Foul Ball, location: 2F
2-2: Ball
3-2: Strikes out swinging
Batting: RHB Meka Knight 0-0: Foul Ball, location: 2F
0-1: Called Strike
0-2: Ball
1-2: Ball
2-2: Strikes out looking
Batting: RHB Ken Little 0-0: Ball
1-0: Ball
2-0: Ball
3-0: Called Strike
3-1: Base on Balls
Batting: LHB José Ortega 0-0: Foul Ball, location: 2F
0-1: Foul Ball, location: 2F
0-2: Ball
1-2: Ball
2-2: Ball
3-2: Base on Balls
Ken Little to second
Batting: RHB José Vázquez 0-0: Foul Ball, location: 2F
0-1: Fly out, F9 (Line Drive, 89M)
Bottom of the 4th over - 0 run(s), 0 hit(s), 0 error(s), 2 left on base; Port Royal 2 - Ellenburg 5
TOP OF THE 5TH
Port Royal Disaster batting - Pitching for Ellenburg Fighting Dachsunds : RHP Willie Cameron
Batting: RHB Jesús Vargas 0-0: Foul Ball, location: 2F
0-1: Swinging Strike
0-2: Strikes out swinging
Batting: RHB Paul Smith 0-0: Foul Ball, location: 2F
0-1: SINGLE (Line Drive, 7S)
Batting: RHB Aurelio García 0-0: Ball
1-0: Called Strike
1-1: Ball
2-1: Foul Ball, location: 2F
2-2: SINGLE (Line Drive, 6D)
Paul Smith to second
Batting: RHB Nelson Abbey 0-0: Ball
1-0: Ball
2-0: Swinging Strike
2-1: Ground out 5-3 (Groundball, 56S)
Paul Smith to third
Aurelio García to second
Batting: LHB Davis Mills 0-0: Called Strike
0-1: SINGLE (Line Drive, 9S)
Paul Smith scores
Aurelio García to third
Runner from 3rd tries for Home, throw and OUT!
Top of the 5th over - 1 run(s), 3 hit(s), 0 error(s), 1 left on base; Port Royal 3 - Ellenburg 5
BOTTOM OF THE 5TH
Ellenburg Fighting Dachsunds batting - Pitching for Port Royal Disaster : RHP Jim Unknown
Batting: RHB Harvey Spectre 0-0: Ball
1-0: Ball
2-0: Fly out, F3 (Line Drive, 34)
Batting: RHB Preston Hernández 0-0: Called Strike
0-1: Ball
1-1: Ground out 6-3 (Groundball, 6M)
Batting: RHB Francis Kelly 0-0: Ball
1-0: Ball
2-0: Ball
3-0: Called Strike
3-1: Base on Balls
Batting: RHB Gonzalo Sánchez 0-0: Ball
1-0: Fielders Choice at 2nd, 6-4 (Groundball, 6)
Bottom of the 5th over - 0 run(s), 0 hit(s), 0 error(s), 0 left on base; Port Royal 3 - Ellenburg 5
TOP OF THE 6TH
Port Royal Disaster batting - Pitching for Ellenburg Fighting Dachsunds : RHP Willie Cameron
Batting: RHB José Carlos Pérez 0-0: Called Strike
0-1: DOUBLE (Flyball, 89M)
Batting: RHB Michael Riley 0-0: Ball
1-0: Called Strike
1-1: Ball
2-1: SINGLE (Groundball, 56D)
José Carlos Pérez to third
Batting: RHB Brandon Cooper 0-0: Ball
1-0: Fly out, F3 (Popup, 3)
Batting: RHB David McJannett 0-0: Called Strike
0-1: Foul Ball, location: 2F
0-2: SINGLE (Line Drive, 89S)
José Carlos Pérez scores
Michael Riley to second
Batting: RHB Jesús Vargas 0-0: Ball
1-0: Foul Ball, location: 2F
1-1: Fly out, F6 (Popup, 6MD)
Batting: RHB Paul Smith 0-0: Called Strike
0-1: Foul Ball, location: 2F
0-2: Ball
1-2: Foul Ball, location: 2F
1-2: Fly out, F8 (Line Drive, 8LD)
Top of the 6th over - 1 run(s), 3 hit(s), 0 error(s), 2 left on base; Port Royal 4 - Ellenburg 5
BOTTOM OF THE 6TH
Ellenburg Fighting Dachsunds batting - Pitching for Port Royal Disaster : RHP Jim Unknown
Batting: LHB Locke Lamora 0-0: Ball
1-0: Swinging Strike
1-1: Ball
2-1: Ball
3-1: Fly out, F4 (Popup, 4D)
Batting: RHB Meka Knight 0-0: Called Strike
0-1: Fly out, F8 (Flyball, 8LD)
Batting: RHB Ken Little 0-0: Foul Ball, location: 2F
0-1: Ball
1-1: Swinging Strike
1-2: Strikes out looking
Bottom of the 6th over - 0 run(s), 0 hit(s), 0 error(s), 0 left on base; Port Royal 4 - Ellenburg 5
TOP OF THE 7TH
Port Royal Disaster batting - Pitching for Ellenburg Fighting Dachsunds : RHP Willie Cameron
Batting: RHB Aurelio García 0-0: Ball
1-0: Foul Ball, location: 2F
1-1: Ground out 6-3 (Groundball, 6)
Batting: RHB Nelson Abbey 0-0: Called Strike
0-1: Ground out 6-3 (Groundball, 6M)
Batting: LHB Davis Mills 0-0: Ball
1-0: Ball
2-0: Foul Ball, location: 2F
2-1: Ground out 4-3 (Groundball, 34)
Top of the 7th over - 0 run(s), 0 hit(s), 0 error(s), 0 left on base; Port Royal 4 - Ellenburg 5
BOTTOM OF THE 7TH
Ellenburg Fighting Dachsunds batting - Pitching for Port Royal Disaster : RHP Jim Unknown
Batting: LHB José Ortega 0-0: Foul Ball, location: 2F
0-1: Ball
1-1: Foul Ball, location: 2F
1-2: SINGLE (Line Drive, 8LS)
Pitching: RHP Cipriano Costa
Batting: RHB José Vázquez 0-0: Ball
1-0: DOUBLE (Flyball, 9LM)
José Ortega to third
Pinch Hitting: RHB Marty Jennings 0-0: Ball
1-0: Ball
2-0: Ball
3-0: Called Strike
3-1: Foul Ball, location: 2F
3-2: Base on Balls
Batting: RHB Preston Hernández 0-0: Ball
1-0: Called Strike
1-1: Called Strike
1-2: Strikes out swinging
Batting: RHB Francis Kelly 0-0: Called Strike
0-1: Ball
1-1: Swinging Strike
1-2: Ball
2-2: SINGLE (Line Drive, 78S)
José Ortega scores
José Vázquez to third
Marty Jennings to second
Batting: RHB Gonzalo Sánchez 0-0: Called Strike
0-1: Ball
1-1: GRAND SLAM HOME RUN (Flyball, 78D), Distance : 410 ft
Pitching: RHP Esteban García
Batting: LHB Locke Lamora 0-0: Ball
1-0: Foul Ball, location: 2F
1-1: Ball
2-1: Ball
3-1: Foul Ball, location: 2F
3-2: Base on Balls
Batting: RHB Meka Knight 0-0: Called Strike
0-1: Ball
1-1: Swinging Strike
1-2: Ball
2-2: Strikes out looking
Batting: RHB Ken Little 0-0: Foul Ball, location: 2F
0-1: Ball
1-1: Foul Ball, location: 2F
1-2: SINGLE (Line Drive, 56)
Locke Lamora to second
Batting: LHB José Ortega 0-0: Ball
1-0: Foul Ball, location: 2F
1-1: Swinging Strike
1-2: Strikes out looking
Bottom of the 7th over - 5 run(s), 5 hit(s), 0 error(s), 2 left on base; Port Royal 4 - Ellenburg 10
TOP OF THE 8TH
Port Royal Disaster batting - Pitching for Ellenburg Fighting Dachsunds : RHP Willie Cameron
Now in CF: Ron Bunch
Batting: RHB José Carlos Pérez 0-0: Fly out, F8 (Flyball, 8LM)
Batting: RHB Michael Riley 0-0: Foul Ball, location: 2F
0-1: Foul Ball, location: 2F
0-2: Foul Ball, location: 2F
0-2: Foul Ball, location: 2F
0-2: Strikes out looking
Batting: RHB Brandon Cooper 0-0: Called Strike
0-1: Foul Ball, location: 2F
0-2: Ball
1-2: Strikes out looking
Top of the 8th over - 0 run(s), 0 hit(s), 0 error(s), 0 left on base; Port Royal 4 - Ellenburg 10
BOTTOM OF THE 8TH
Ellenburg Fighting Dachsunds batting - Pitching for Port Royal Disaster : RHP Esteban García
Batting: RHB José Vázquez 0-0: Swinging Strike
0-1: Called Strike
0-2: Strikes out swinging
Batting: SHB Ron Bunch 0-0: Foul Ball, location: 2F
0-1: Swinging Strike
0-2: Ball
1-2: Strikes out swinging
Batting: RHB Preston Hernández 0-0: Foul Ball, location: 2F
0-1: Ball
1-1: Foul Ball, location: 2F
1-2: Ball
2-2: Fly out, F8 (Flyball, 89XD)
Bottom of the 8th over - 0 run(s), 0 hit(s), 0 error(s), 0 left on base; Port Royal 4 - Ellenburg 10
TOP OF THE 9TH
Port Royal Disaster batting - Pitching for Ellenburg Fighting Dachsunds : RHP Willie Cameron
Now at 3B: Félix De La Hoya
Batting: RHB David McJannett 0-0: Called Strike
0-1: Ground out 6-3 (Groundball, 6)
Batting: RHB Jesús Vargas 0-0: Foul Ball, location: 2F
0-1: Called Strike
0-2: Ball
1-2: Ball
2-2: Foul Ball, location: 2F
2-2: Ball
3-2: SINGLE (Flyball, 7S)
Pitching: RHP Garrett Harrington
Batting: RHB Paul Smith 0-0: Ball
1-0: Ball
2-0: Fly out, F6 (Line Drive, 6)
Batting: RHB Aurelio García 0-0: Ball
1-0: Called Strike
1-1: Swinging Strike
1-2: Ball
2-2: Fly out, F6 (Line Drive, 56)
Top of the 9th over - 0 run(s), 1 hit(s), 0 error(s), 1 left on base; Port Royal 4 - Ellenburg 10
Saturday, May 26th, 2018 - OOTP Baseball 17.12 Build 75